 Dungeon Sprint DCSS version 0.28-a0-2-g643f2454ad (webtiles) character file.

Game seed: 10234066008925501523

23 night the Gusty (level 2, 0/20 HPs)
             Began as a Draconian Air Elementalist on July 22, 2021.
             Was an Initiate of Gozag.
             Slain by a yak (13 damage)
             ... in the Dungeon (Sprint IX: "|||||||||||||||||||||||||||||").
             The game lasted 00:01:51 (237 turns).

night the Gusty (Draconian Air Elementalist)         Turns: 237, Time: 00:01:52

Health: 0/20       AC:  5    Str: 13    XL:     2   Next: 72%
Magic:  5/6        EV: 12    Int: 15    God:    Gozag
Gold:   0          SH:  0    Dex: 14    Spells: 5/8 levels left

rFire   . . .      SeeInvis .   l - +4 quarterstaff (speed)
rCold   . . .      Faith    .   (shield currently unavailable)
rNeg    . . .      Spirit   .   (armour unavailable)
rPois   .          Reflect  .   (helmet restricted)
rElec   .          Harm     .   (no cloak)
rCorr   .          Rampage  .   o - +0 pair of gloves
Will    .....      NoTele   +   (no boots)
Stlth   ++........              (no amulet)
HPRegen 0.06/turn               p - +3 ring of strength
MPRegen 0.10/turn               q - +3 ring of dexterity

@: hasted, invisible, very quick
A: AC +4, unfitting armour, cold-blooded
a: Renounce Religion, Potion Petition, Call Merchant, Bribe Branch


You were in the Dungeon.
You worshipped Gozag.
Gozag was noncommittal.
You visited 1 branch

Inventory:

Hand Weapons
 h - a +0 mace
 l - a +4 quarterstaff of speed (weapon)
 m - a +2 scimitar of flaming
 n - a +3 war axe of freezing
Missiles
 g - 5 stones
Armour
 o - a +0 pair of gloves (worn)
Jewellery
 p - a +3 ring of strength (left hand)
 q - a +3 ring of dexterity (right hand)
Wands
 k - a wand of acid (10)
Scrolls
 f - 2 scrolls of blinking
 j - 2 scrolls of amnesia
Potions
 a - 5 potions of curing
 b - 3 potions of heal wounds
 d - 4 potions of magic
 e - a potion of berserk rage


   Skills:
 - Level 1.7 Dodging
 - Level 1.7 Stealth
 + Level 3.5 Spellcasting
 + Level 3.2 Conjurations
 + Level 4.3 Air Magic


You had 5 spell levels left.
You knew the following spells:

 Your Spells              Type           Power      Damage    Failure   Level
a - Shock                 Conj/Air       52%        1d6       4%          1
b - Static Discharge      Conj/Air       13%        N/A       6%          2

Your spell library contained the following spells:

 Spells                   Type           Power      Damage    Failure   Level
 Swiftness                Air            15%        N/A       10%         3
 Airstrike                Air            7%         N/A       32%         4


Dungeon Overview and Level Annotations

Branches:
Dungeon (1/1)

Altars:
Cheibriados
Dithmenos
Elyvilon
Fedhas
Gozag
Hepliaklqana
Kikubaaqudgha
Makhleb
Nemelex Xobeh
Okawaru
Qazlal
Ru
Sif Muna
Trog
Uskayaw
Vehumet
Wu Jian
Xom
Yredelemnul
Zin
The Shining One
Beogh
Jiyva
Lugonu


Innate Abilities, Weirdness & Mutations

Your plain brown scales are hard. (AC +4)
You cannot fit into any form of body armour.
You are cold-blooded and may be slowed by cold attacks.


Message History

You see here a +1 chain mail.
p - a +3 ring of strength
q - a +3 ring of dexterity You feel stronger.
p - a +3 ring of strength (left hand)
You feel agile.
q - a +3 ring of dexterity (right hand)
You open the door.
A yak, a wyvern, a two-headed ogre, a wight and 2 zombies come into view.
The two-headed ogre shouts in stereo!
You close the door.
Memorise Static Discharge, consuming 2 spell levels and leaving 5?
You start memorising the spell.
You continue memorising. x2
You finish memorising.
Spell assigned to 'b'.
You open the door.
The yak bellows!
Casting: Shock (safe; 4% risk of failure)
Confirm with . or Enter, or press ? or * to list all spells.
Aiming: Shock (safe; 4% risk of failure)
Press: ? - help, Shift-Dir - straight line, f - yak
Aim: a yak (81% to hit)
The zap hits the yak.
The yak is lightly wounded.
The zap hits the wyvern.
The wyvern is lightly wounded.
The wyvern hisses angrily.
The zap hits the two-headed ogre.
The two-headed ogre is lightly wounded.
The zap hits the wight.
The wight is lightly damaged.
The zap hits the bat zombie.
The bat zombie is heavily damaged.
The zap hits the jackal zombie.
The jackal zombie is severely damaged.
You feel yourself speed up. The yak gores you!
You fade into invisibility!
The yak gores you!
Ouch! That really hurt!
You die...
Your body crumbles into a pile of gold.

$
▓.▓
$
▓.▓
$
▓)▓
$
▓.▓
▓[▓
$
▓.▓
▓[▓
$
▓.▓
$
▓@▓
$ $
▓Y▓
▓l▓
$
▓O▓
$
▓z▓
$ $
▓Z▓
$
▓Z▓
$
▓.▓


You could see a two-headed ogre, a yak, a wyvern, a wight, a bat zombie and a
jackal zombie.

Vanquished Creatures
  An adder (D)
  An adder zombie (D)
  2 orcs (D)
  A jackal (D)
  A ball python (D)
  A bat (D)
  A jackal zombie (D)
  A kobold (D)
  A rat (D)
10 creatures vanquished.

Notes
Turn   | Place    | Note
-------+----------+-------------------------------------------
     0 | D        | night the Draconian Air Elementalist began the quest for
                  | the Orb.
     0 | D        | Reached XP level 1. HP: 14/14 MP: 3/3
    24 | D        | Reached skill level 2 in Conjurations
   105 | D        | Reached skill level 4 in Air Magic
   105 | D        | Reached XP level 2. HP: 16/20 MP: 0/6
   177 | D        | Found a snail-covered altar of Cheibriados.
   177 | D        | Found a shadowy altar of Dithmenos.
   177 | D        | Found a white marble altar of Elyvilon.
   177 | D        | Found a blossoming altar of Fedhas.
   177 | D        | Found an opulent altar of Gozag.
   178 | D        | Found a hazy altar of Hepliaklqana.
   179 | D        | Found a viscous altar of Jiyva.
   180 | D        | Found an ancient bone altar of Kikubaaqudgha.
   181 | D        | Found a corrupted altar of Lugonu.
   182 | D        | Found a burning altar of Makhleb.
   183 | D        | Found a sparkling altar of Nemelex Xobeh.
   184 | D        | Found an iron altar of Okawaru.
   185 | D        | Became a worshipper of Gozag Ym Sagoz the Greedy
   186 | D        | Found a stormy altar of Qazlal.
   187 | D        | Found a sacrificial altar of Ru.
   188 | D        | Found a shimmering blue altar of Sif Muna.
   189 | D        | Found a bloodstained altar of Trog.
   190 | D        | Found a hide-covered altar of Uskayaw.
   191 | D        | Found a radiant altar of Vehumet.
   192 | D        | Found an ornate altar of the Wu Jian Council.
   193 | D        | Found a shimmering altar of Xom.
   194 | D        | Found a basalt altar of Yredelemnul.
   195 | D        | Found a glowing silver altar of Zin.
   196 | D        | Found a glowing golden altar of the Shining One.
   229 | D        | Noticed a yak
   229 | D        | Noticed a wyvern
   229 | D        | Noticed a two-headed ogre
   229 | D        | Noticed a wight
   234 | D        | Learned a level 2 spell: Static Discharge
   237 | D        | Slain by a yak

Illustrated notes

Levels and vault maps discovered:
D:        linesprint [early_d, line_temple, items_1, d_10, items_2, lair_1,
          lair_end, items_3, orc_1, orc_end, items_4, d_15, swamp_1, shoals_1,
          snake_1, spider_1, d_20, vaults_1, items_5, swamp_end, shoals_end,
          snake_end, spider_end, vaults_end, d_27, items_6, zot_1, zot_end,
          crypt_end, forest_end, elf_end, slime_end, tomb_end, abyss_end,
          pan_hell_end]

Skill      XL: |  1 |
---------------+----+-----
Conjurations   | 3 |  3.2
Spellcasting   | 3 |  3.5
Air Magic      | 4 |  4.3
Dodging        | |  1.7
Stealth        | |  1.7

Action                   || total
-------------------------++-------
Melee: Unarmed           ||    18
       Tailslap          ||     1
 Cast: Shock             ||    11
  Use: Potion            ||     2
Armor: Skin              ||     7
Dodge: Dodged            ||    23

Table legend: (Time is in decaauts)
 A = Elapsed time spent in this place.
 B = Non-inter-level travel time spent in this place.
 C = Inter-level travel time spent in this place.
 D = Time resting spent in this place.
 E = Time spent auto-exploring this place.
 F = Levels seen in this place.
 G = Mean time per level.
                   A        B        C        D        E       F      G
               +--------+--------+--------+--------+--------+-----+--------+
         Total |    235 |    235 |      0 |     93 |     23 |   1 |  235.0 |
       Dungeon |    235 |    235 |      0 |     93 |     23 |   1 |  235.0 |
               +--------+--------+--------+--------+--------+-----+--------+

Top non-repeatable levels by time:
       D: 235 daAuts
